 Dungeon Crawl Stone Soup version 0.19-a0-867-g949743d (webtiles) character file.

82 matakusis the Ducker (level 4, -1/34 HPs)
             Began as a Demonspawn Gladiator on July 3, 2016.
             Slain by a worm (8 damage)
             ... on level 2 of the Dungeon.
             The game lasted 00:03:52 (1232 turns).

matakusis the Ducker (Demonspawn Gladiator)         Turns: 1232, Time: 00:03:53

Health: -1/34      AC:  5    Str: 16    XL:     4   Next: 21%
Magic:  4/4        EV: 13    Int:  9    God:
Gold:   94         SH:  0    Dex: 14    Spells: 0 memorised, 3 levels left

rFire  . . .     SeeInvis .     a - +0 long sword
rCold  . . .     Gourm    .     b - +0 leather armour
rNeg   . . .     Faith    .     (no shield)
rPois  +         Spirit   .     c - +0 helmet
rElec  .         Dismiss  .     (no cloak)
rCorr  .         Reflect  .     (no gloves)
SustAt .         Harm     .     (no boots)
MR     .....                    (no amulet)
Stlth  +.........               l - ring of flight
                                e - ring of poison resistance

@: not resistant to hostile enchantments, very unstealthy
A: molten scales 1, powered by pain 1
a: Evoke Flight


You were on level 2 of the Dungeon.
You were not hungry.

You visited 1 branch of the dungeon, and saw 2 of its levels.

You collected 94 gold pieces.

Inventory:

Hand Weapons
 a - a +0 long sword (weapon)
Missiles
 d - 3 throwing nets (quivered)
Armour
 b - a +0 leather armour (worn)
 c - a +0 helmet (worn)
Jewellery
 e - a ring of poison resistance (left hand)
 l - a ring of flight (right hand)
Scrolls
 g - 2 scrolls of teleportation {unknown}
 h - a scroll of noise {unknown}
 j - 5 scrolls of identify {unknown}
 n - a scroll of fog {unknown}
Potions
 i - a potion of heal wounds {unknown}
 k - 2 potions of cure mutation {unknown}
Comestibles
 f - a bread ration
 m - 2 chunks of flesh


   Skills:
 * Level 2.9 Fighting
 + Level 3.3 Long Blades
 - Level 1.7 Throwing
 * Level 3.6 Dodging


You had 3 spell levels left.
You didn't know any spells.

Dungeon Overview and Level Annotations

Branches:
Dungeon (2/15)

Altars:
Xom


Innate Abilities, Weirdness & Mutations

You are partially covered in molten scales. (AC +1)
You sometimes gain a little power by taking damage.


Message History

You kill the gnoll!
The gnoll hits you with a whip. The worm barely misses you.
You riposte.
You slash the worm!
The worm is heavily wounded.
You barely miss the gnoll.
The gnoll is lightly wounded.
The bat hits you but does no damage. The gnoll hits you but does no damage.
Unknown command.
You barely miss the worm.
The worm is heavily wounded.
The bat barely misses you.
You riposte.
You closely miss the bat.
The bat is severely wounded.
The worm bites you.
* * * LOW HITPOINT WARNING * * *
The gnoll barely misses you.
You slash the worm!
The worm is almost dead.
The bat hits you but does no damage. x2; The gnoll barely misses you.
The worm bites you!
You die...

.##################.###
)################.รท...#
.#................#####
.#...........).<..#
.#................#
###################### #
............(..$........
#..#..#..#..#(.#bw#..#..
...........(....@g......
#..#..#..#..#..#..#..#..
........................
###################### #


You could see a worm, a gnoll and a bat.

Vanquished Creatures
  2 gnolls (D:2)
  An adder (D:2)
  An ooze (D:1)
  3 dart slugs (D:1)
  A giant gecko (D:2)
  8 goblins
  6 hobgoblins
  4 jackals (D:2)
  3 bats (D:1)
  2 giant newts (D:1)
  5 kobolds
  5 rats
41 creatures vanquished.

Notes
Turn   | Place    | Note
-------+----------+-------------------------------------------
     0 | D:1      | matakusis the Demonspawn Gladiator began the quest for the Orb.
     0 | D:1      | Reached XP level 1. HP: 16/16 MP: 1/1
   280 | D:1      | Gained mutation: You are partially covered in molten scales. (AC +1) [demonic ancestry]
   280 | D:1      | Reached XP level 2. HP: 20/22 MP: 2/2
   626 | D:1      | Gained mutation: You sometimes gain a little power by taking damage. [demonic ancestry]
   626 | D:1      | Reached XP level 3. HP: 24/28 MP: 3/3
   802 | D:2      | Found a shimmering altar of Xom.
  1227 | D:2      | Reached XP level 4. HP: 19/34 MP: 4/4
  1232 | D:2      | Slain by a worm

Vault maps used:
D:1:      lightli_arrival_chessboard
D:2:      kennysheep_the_goblin_king, old_standard_altar, columned_hall_lemuel

Skill      XL: |  1  2 |
---------------+-------+-----
Dodging        | 3 |  3.6
Long Blades    | 3 |  3.3
Fighting       | |  2.9
Throwing       | |  1.7

Action                   |  1- 3 |  4- 6 || total
-------------------------+-------+-------++-------
Melee: Long sword        |   125 |    14 ||   139
  Eat: Chunk             |     1 |       ||     1
Armor: Leather armour    |    31 |     7 ||    38
Dodge: Dodged            |    77 |    12 ||    89
